cohdb
Replays
Latest Replays
All Replays
Popular Replays
Top Player Replays
Match Explorer
How It Works
Community
CoH3 Stats
Reddit
Sign in to upload your games and track your stats! →
Sign in with Steam
Match 42890465
Unlisted
Match 42890465
Overview
Messages
Build Orders
End
Construct Section Command Post
Vickers Machine Gun Team
Infantry Section
Selects Air and Sea Battlegroup
Infantry Section
Selects Supply Surplus
Construct Resource Cache
Construct Platoon Command Post
Unlock M3 Stuart Light Tanks
M3 Stuart Light Tank
6-pounder Anti-tank Gun Team
M3 Stuart Light Tank
Selects Commando Section Paradrop
Selects M1 Pack Howitzer Paradrop
Construct Field Infirmary
Forward Retreat Point
M1 Pack Howitzer Paradrop
Skibana
Tok3n x Operator
chasedirig
TechT0nic
Spectre_18x
Hex
傲慢的演奏家
Cheeze Thiccenedburger
0
0
Comments
sign in to comment!
No comments posted yet!